 Dungeon Crawl Stone Soup version 0.22.1-1-ga44c0e56f4 (webtiles) character file.

86 Riddle the Ducker (level 4, 0/20 HPs)
             Began as a Spriggan Monk on Sept 29, 2018.
             Succumbed to an adder's poison
             ... on level 2 of the Dungeon.
             The game lasted 00:04:02 (2350 turns).

Riddle the Ducker (Spriggan Monk)                   Turns: 2350, Time: 00:04:02

Health: 0/20       AC:  4    Str:  6 (7)  XL:     4   Next: 26%
Magic:  5/5        EV: 22    Int:  9 (11) God:
Gold:   62         SH:  0    Dex: 16 (19) Spells: 3/3 levels left

rFire    . . .     SeeInvis +   a - +0 falchion
rCold    . . .     Gourm    .   (shield restricted)
rNeg     . . .     Faith    .   b - +0 robe
rPois    .         Spirit   .   (helmet restricted)
rElec    +         Reflect  .   (no cloak)
rCorr    .         Harm     .   (gloves unavailable)
MR       .....                  (boots unavailable)
Stlth    +++.......             (no amulet)
HPRegen  0.06/turn              (no ring)
MPRegen  0.09/turn              (no ring)

@: lethally poisoned (0 -> -1), hasted, very quick
A: very small, unfitting armour, slimy green scales 1, see invisible, herbivore,
speed 3, frail 1, electricity resistance, slow metabolism 2
a: no special abilities


You were on level 2 of the Dungeon.
You were not hungry.

You visited 1 branch of the dungeon, and saw 3 of its levels.

You collected 62 gold pieces.

Inventory:

Hand Weapons
 a - a +0 falchion (weapon)
Armour
 b - a +0 robe (worn)
Potions
 e - a potion of degeneration
Comestibles
 c - 3 rations


   Skills:
 - Level 2.4 Fighting
 - Level 2.4 Long Blades
 * Level 6.6 Dodging
 + Level 4.7 Stealth


You had 3 spell levels left.
You didn't know any spells.
Your spell library contained the following spells:

 Spells                   Type           Power        Failure   Level  Hunger
 Animate Skeleton         Necr           N/A          38%         1    ##.....
 Apportation              Tloc           #.....       38%         1    ##.....
 Confusing Touch          Hex            #.....       38%         1    ##.....
 Summon Small Mammal      Summ           #...         38%         1    ##.....


Dungeon Overview and Level Annotations

Branches:
Dungeon (3/15)

Altars:
Fedhas
Hepliaklqana
Xom


Innate Abilities, Weirdness & Mutations

You are very small and have problems with some larger weapons.
You are too small for most types of armour.
You have supernaturally acute eyesight. (SInv)
You are a herbivore.
You cover ground extremely quickly.
You need to consume almost no food.
You are partially covered in slimy green scales. (AC +2)
You are frail. (-10% HP)
You are resistant to electric shocks. (rElec)


Message History

You feel sick.
A kobold comes into view.
The kobold shouts!
The kobold wields a blowgun.
The kobold shoots a poisoned needle.
The poisoned needle completely misses you.
There is a stone staircase leading down here.
You see here a poisoned needle.
* * * LOW HITPOINT WARNING * * *
You feel sick.
The kobold shoots a poisoned needle.
The poisoned needle closely misses you.
There is a stone staircase leading down here.
You see here a poisoned needle.
* * * LOW HITPOINT WARNING * * *
You feel sick.
There is a stone staircase leading up here.
You climb upwards.
There is a stone staircase leading down here.
* * * LOW HITPOINT WARNING * * *
You feel sick.
You die...

#######.# #..#.#.....[.........
......#.# #..#.#...............
#####.#.# #..#.#...............
......#.# ####.#.#'##......^...
#.###.#.########.#.#)##..........
####.............................
....<...########.................
###.....# #.................
........########@................
####....#..............#.....####
#....#.........(....#.........
####...(#..............#....)....
..........[............#......###
...................#.###.........
...................#..........##.
...................#####......##.
..............................##.


There were no monsters in sight!

Vanquished Creatures
  4 adders
  2 dart slugs (D:2)
  3 leopard geckos
  6 bats
  2 giant cockroaches (D:2)
  5 goblins
  5 hobgoblins
  4 jackals (D:1)
  5 kobolds
  A frilled lizard (D:1)
  2 rats
39 creatures vanquished.

Notes
Turn   | Place    | Note
-------+----------+-------------------------------------------
     0 | D:1      | Riddle the Spriggan Monk began the quest for the Orb.
     0 | D:1      | Reached XP level 1. HP: 11/11 MP: 2/2
    89 | D:1      | Reached skill level 5 in Dodging
    89 | D:1      | Reached XP level 2. HP: 16/16 MP: 3/3
   857 | D:2      | Reached XP level 3. HP: 19/19 MP: 4/4
  1033 | D:2      | Found a blossoming altar of Fedhas.
  1064 | D:2      | Reached skill level 6 in Dodging
  2106 | D:3      | Reached XP level 4. HP: 19/23 MP: 5/5
  2246 | D:3      | Found a shimmering altar of Xom.
  2247 | D:3      | Found a hazy altar of Hepliaklqana.
  2247 | D:3      | Noticed an unseen horror
  2248 | D:3      | Noticed an unseen horror
  2248 | D:3      | Noticed a spectral ugly thing
  2296 | D:3      | Gained mutation: You are partially covered in slimy green
                  | scales. (AC +2) [potion of mutation]
  2296 | D:3      | Gained mutation: You are frail. (-10% HP) [potion of
                  | mutation]
  2296 | D:3      | Gained mutation: You are resistant to electric shocks.
                  | (rElec) [potion of mutation]
  2344 | D:2      | HP: 1/20 [poisoned by an adder]
  2350 | D:2      | Succumbed to an adder's poison

Skill      XL: |  1  2  3 |
---------------+----------+-----
Dodging        | 5 6 |  6.6
Stealth        | 4 |  4.7
Fighting       | |  2.4
Long Blades    | |  2.4

Action                   |  1- 3 |  4- 6 || total
-------------------------+-------+-------++-------
Melee: Falchion          |   115 |    13 ||   128
  Use: Scroll            |       |     3 ||     3
       Potion            |       |     3 ||     3
 Stab: Sleeping          |     8 |     1 ||     9
       Distracted        |     1 |       ||     1
Armor: Robe              |     7 |     1 ||     8
Dodge: Dodged            |   111 |     8 ||   119
       Rpst.: Falchion   |    44 |     2 ||    46
